 Seeded DCSS version 0.30-a0-916-g9813417 (webtiles) character file.

Game seed: 7994615043735159278 (custom seed)

86 Kel the Shooter (level 4, 0/36 HPs)
             Began as a Ghoul Hexslinger on Mar 21, 2023.
             Slain by a gnoll
             ... wielding a +0 whip
              (1 damage)
             ... on level 2 of the Dungeon.
             The game lasted 00:09:45 (2841 turns).

Kel the Shooter (Ghoul Hexslinger)                  Turns: 2841, Time: 00:09:45

Health: 0/36       AC:  9    Str: 13    XL:     4   Next: 50%
Magic:  4/4        EV:  6    Int:  8    God:
Gold:   141        SH:  0    Dex: 11    Spells: 4/5 levels left

rFire   . . .      SeeInvis .    a - +1 sling
rCold   + . .      Faith    .    (no shield)
rNeg    + + +      Spirit   .    l - +0 chain mail
rPois   ∞          Reflect  .    (no helmet)
rElec   .          Rampage  .    (no cloak)
rCorr   .                        (no gloves)
Will    .....                    n - +0 pair of boots Stlth
                                 c - amulet of regeneration
HPRegen 0.00/turn                (no ring)
MPRegen 0.09/turn                (no ring)

@: inhibited regen
A: claws 1, cold resistance 1, negative energy resistance 3, inhibited
regeneration, torment resistance 2, devour on kill
a: no special abilities


You were on level 2 of the Dungeon.
You visited 1 branch of the dungeon, and saw 3 of its levels.

You collected 141 gold pieces.

Inventory:

Hand Weapons
 a - a +1 sling (weapon)
Armour
 l - a +0 chain mail (worn)
 n - a +0 pair of boots (worn)
Jewellery
 c - an amulet of regeneration (around neck)
Scrolls
 d - 3 scrolls of teleportation {unknown}
 f - a scroll of silence {unknown}
 h - a scroll of noise {unknown}
 i - 2 scrolls of enchant weapon {unknown}
 k - a scroll of vulnerability {unknown}
Potions
 e - 2 potions of curing
 g - a potion of lignification {unknown}
 j - a potion of degeneration {unknown}
 m - a potion of magic {unknown}
 o - a potion of heal wounds {unknown}


   Skills:
 + Level 2.1 Fighting
 + Level 3.5 Ranged Weapons
 + Level 0.1 Armour
 + Level 1.8 Dodging
 + Level 1.0 Spellcasting
 + Level 2.6 Hexes


You had 4 spell levels left.
You knew the following spells:

 Your Spells              Type           Power      Damage    Failure   Level
a - Slow                  Hex            16%        N/A       99%         1

Your spell library contained the following spells:

 Spells                   Type           Power      Damage    Failure   Level
 Inner Flame              Hex/Fire       2%         N/A       100%        3
 Ozocubu's Armour         Ice            0%         N/A       100%        3
 Portal Projectile        Hex/Tloc       4%         N/A       100%        3
 Cause Fear               Hex            2%         N/A       100%        4
 Metabolic Englaciation   Hex/Ice        1%         N/A       100%        5
 Simulacrum               Ice/Necr       0%         N/A       100%        6


Dungeon Overview and Level Annotations

Branches:
Dungeon (3/15)

Altars:
Qazlal
Sif Muna

Shops:
D:1 =


Innate Abilities, Weirdness & Mutations

You are immune to poison.
You have sharp fingernails.
Your flesh is cold resistant. (rC+)
You are immune to negative energy. (rN+++)
You do not regenerate when monsters are visible.
You are immune to unholy pain and torment.
You thrive by killing the living.


Message History

The gnoll hits you with a +0 whip. The gnoll hits you with a +0 flail.
You climb upwards.
There is a stone staircase leading down here.
The gnoll hits you with a +0 whip. The gnoll closely misses you.
You climb downwards.
There is a stone staircase leading up here.
The gnoll hits you with a +0 whip. The gnoll hits you with a +0 flail.
You climb upwards.
There is a stone staircase leading down here.
You shoot a sling bullet.
The sling bullet barely misses the gnoll.
The gnoll barely misses you. The gnoll closely misses you.
You shoot a sling bullet.
The sling bullet barely misses the gnoll.
The gnoll hits you but does no damage. x2; The gnoll barely misses you.
The gnoll hits you with a +0 flail.
* * * LOW HITPOINT WARNING * * *
You shoot a sling bullet. The sling bullet hits the gnoll.
The gnoll is severely wounded.
The gnoll barely misses you. x2; The gnoll hits you but does no damage. x2
You shoot a sling bullet.
The sling bullet barely misses the gnoll.
The gnoll hits you with a +0 whip!
* * * LOW HITPOINT WARNING * * *
The gnoll completely misses you. The gnoll hits you but does no damage.
The gnoll hits you with a +0 flail.
* * * LOW HITPOINT WARNING * * *
Unknown command.
Unknown command.
Unknown command.
You shoot a sling bullet. The sling bullet hits the gnoll.
You kill the gnoll!
You feel better. The gnoll hits you but does no damage.
The gnoll hits you with a +0 whip.
* * * LOW HITPOINT WARNING * * *
Your Fighting skill increases to level 2!
You shoot a sling bullet. The sling bullet hits the gnoll.
The gnoll is lightly wounded.
The gnoll hits you but does no damage. The gnoll hits you with a +0 whip.
You die...

#........##. ###########. #.
##### ####### #. #...#
#.....# #. #.#.# #.###.# #.
#.#.# #.# #.# #. #.#.#
#.###.###########. #.#.#
#@)...............
##.#.######g###.##########.>
#..#.##..................)..
##.#.##.....###.###########.
#.#.##.....# #.# #.
#.#.##.....# #.# #.
#.#.######## #.# #. #.#.#
#.# #. #.#.# #.# #.


You could see a gnoll.

Vanquished Creatures
  A gnoll (D:2)
  2 adders (D:2)
  A worm (D:3)
  2 dart slugs
  2 endoplasms
  2 giant cockroaches
  3 goblins
  5 hobgoblins
  5 kobolds
  4 quokkas
  4 ball pythons
  7 bats
  4 frilled lizards
  9 rats
51 creatures vanquished.

Notes
Turn   | Place    | Note
-------+----------+-------------------------------------------
     0 | D:1      | Kel the Ghoul Hexslinger began the quest for the Orb.
     0 | D:1      | Reached XP level 1. HP: 16/16 MP: 1/1
    56 | D:1      | Found a faded altar of an unknown god.
   168 | D:1      | Reached XP level 2. HP: 23/23 MP: 2/2
   197 | D:1      | Reached skill level 2 in Ranged Weapons
   439 | D:1      | Found Qenupn's Jewellery Shoppe.
  1040 | D:2      | Reached XP level 3. HP: 19/28 MP: 3/3
  1087 | D:2      | Found a shimmering blue altar of Sif Muna.
  1510 | D:2      | Reached skill level 3 in Ranged Weapons
  1883 | D:2      | Reached XP level 4. HP: 36/36 MP: 4/4
  2293 | D:3      | Identified the +6 dagger of Nishru {holy, Contam Will+
                  | Int+3 Stlth+}
  2474 | D:3      | Found a stormy altar of Qazlal.
  2480 | D:3      | Noticed an air elemental
  2483 | D:3      | Noticed an earth elemental
  2483 | D:3      | Noticed a water elemental
  2483 | D:3      | Noticed a fire elemental
  2839 | D:2      | HP: 1/36 [gnoll/+0 flail (1)]
  2841 | D:2      | Slain by a gnoll

Illustrated notes

Levels and vault maps discovered:
D:1:      sevenhm_arrival_forest_fort_small_3, layout_basic, serial_shops,
          nicolae_shop_waterfront, shapermc_ecumenical_altar_mp_highgroup,
          minmay_tripent
D:2:      layout_basic, basic_altar
D:3:      layout_basic, nicolae_qazlal_style_of_elements,
          mainiacjoe_overflow_alcove_2, grunt_ministairs_6

Skill      XL: |  1  2  3  4 |
---------------+-------------+-----
Ranged Weapons | 2 3 |  3.5
Fighting       | 2 |  2.1
Armour         | |  0.1
Dodging        | |  1.8
Spellcasting   | |  1.0
Hexes          | |  2.6

Action                     |  1- 3 |  4- 6 || total
---------------------------+-------+-------++-------
   Fire: Sling             |   121 |    50 ||   171
   Cast: Slow              |     1 |       ||     1
    Use: Scroll            |     2 |     1 ||     3
 Armour: Robe              |     7 |       ||     7
         Ring mail         |    18 |     2 ||    20
         Chain mail        |       |    23 ||    23
  Dodge: Dodged            |    35 |    23 ||    58

Table legend: (Time is in decaauts)
 A = Elapsed time spent in this place.
 B = Non-inter-level travel time spent in this place.
 C = Inter-level travel time spent in this place.
 D = Time resting spent in this place.
 E = Time spent auto-exploring this place.
 F = Levels seen in this place.
 G = Mean time per level.
                   A        B        C        D        E       F      G
               +--------+--------+--------+--------+--------+-----+--------+
         Total |   2917 |   2829 |     88 |     26 |   2297 |   3 |  972.3 |
       Dungeon |   2917 |   2829 |     88 |     26 |   2297 |   3 |  972.3 |
               +--------+--------+--------+--------+--------+-----+--------+

Top non-repeatable levels by time:
     D:2: 1252 daAuts
     D:1: 959 daAuts
     D:3: 705 daAuts
